 Dungeon Crawl Stone Soup version 0.28-a0-413-gde365fb1df (webtiles) character file.

Game seed: 664880436519586912

16844 robertstho the Thaumaturge (level 12, -2/84 HPs)
             Began as a Djinni Fire Elementalist on Sept 7, 2021.
             Was an Initiate of Gozag.
             Slain by Rupert (19 damage)
             ... on level 3 of the Lair of Beasts.
             The game lasted 00:37:23 (19006 turns).

robertstho the Thaumaturge (DjFE)                  Turns: 19006, Time: 00:37:23

Health: -2/84      AC:  7    Str:  7    XL:     12   Next: 75%
Gold:   876        EV: 12    Int: 29    God:    Gozag SH:  0 Dex: 13

rFire   + + +      SeeInvis +   q - +3 war axe "Xoggeamiok" {spect, Fly Will- Int+6 SInv}
rCold   x . .      Faith    .   k - +0 buckler
rNeg    . . .      Spirit   .   D - +0 steam dragon scales
rPois   ∞          Reflect  .   c - +1 helmet
rElec   .          Harm     .   m - scarf {repulsion}
rCorr   .          Rampage  .   (no gloves)
Will    .....                   (boots unavailable)
Stlth   +.........              b - amulet of regeneration
HPRegen 1.24/turn               d - +4 ring of slaying
MPRegen 0.00/turn               y - ring of protection from fire

@: confused, flying, hasted, repel missiles, very quick
A: sickness immunity, fire resistance 2, cold vulnerability 1, float, innate
caster, hp casting, extra vitality 1
a: Renounce Religion, Potion Petition, Call Merchant, Bribe Branch


You were on level 3 of the Lair of Beasts.
You worshipped Gozag.
Gozag was pleased with you.
You visited 3 branches of the dungeon, and saw 13 of its levels.
You also visited: Sewer, Ossuary and Bailey.

You collected 2230 gold pieces.
You spent 480 gold pieces at shops.
You paid 874 gold pieces to Gozag.

Inventory:

Hand Weapons
 q - the +3 war axe "Xoggeamiok" (weapon) {spect, Fly Will- Int+6 SInv}
   (You found it on level 4 of the Dungeon)

   When its wielder attacks, the weapon's spirit leaps out and strikes again.
   The spirit shares a part of any damage it takes with its wielder.
   Int:       It affects your intelligence (+6).
   SInv:      It lets you see invisible.
   Fly:       It grants you flight.
   Will:      It decreases your willpower.
 C - a +2 war axe of flaming
Armour
 c - a +1 helmet (worn)
 k - a +0 buckler (worn)
 m - a scarf of repulsion (worn)
 D - +0 steam dragon scales (worn)
Jewellery
 b - an amulet of regeneration (around neck)
 d - a +4 ring of slaying (left hand)
 h - a ring of positive energy
 y - a ring of protection from fire (right hand)
 F - a ring of resist corrosion
 G - a ring of willpower
 K - an amulet of reflection
Wands
 a - a wand of paralysis (8)
 g - a wand of digging (6)
 v - a wand of iceblast (28)
 z - a wand of polymorph (18)
 A - a wand of flame (19)
 B - a wand of mindburst (26)
Scrolls
 e - 3 scrolls of immolation
 f - 5 scrolls of enchant armour
 i - 2 scrolls of blinking
 j - 2 scrolls of vulnerability
 r - a scroll of fear
 t - 2 scrolls of enchant weapon
 E - a scroll of teleportation
 L - a scroll of summoning
Potions
 l - a potion of invisibility {unknown}
 n - a potion of mutation
 o - 4 potions of magic
 s - a potion of attraction {unknown}
 u - 2 potions of brilliance
 w - 2 potions of lignification
 x - a potion of experience {unknown}
 I - a potion of might {unknown}
 J - a potion of haste


   Skills:
 * Level 6.5 Fighting
 + Level 1.0 Axes
 + Level 3.9 Dodging
 + Level 3.4 Stealth
 + Level 1.2 Shields
 * Level 13.7 Spellcasting
 + Level 0.4 Evocations


You had 11 spell levels left.
You knew the following spells:

 Your Spells              Type           Power      Damage    Failure   Level
a - Foxfire               Conj/Fire      100%       2x1d9     0%          1
b - Scorch                Fire           100%       2d10      1%          2
c - Conjure Flame         Conj/Fire      79%        6-21      1%          3
d - Inner Flame           Hex/Fire       79%        N/A       1%          3
e - Flame Wave            Conj/Fire      79%        3d13      1%          4
f - Summon Small Mammal   Summ           100%       N/A       0%          1
g - Ensorcelled Hibernat  Hex/Ice        100%       N/A       1%          2
h - Summon Guardian Gole  Hex/Summ       79%        N/A       1%          3
i - Portal Projectile     Hex/Tloc       100%       N/A       1%          3
j - Agony                 Necr           79%        N/A       1%          5
Your spell library was empty.

Dungeon Overview and Level Annotations

Branches:
Dungeon (9/15)             Temple (1/1) D:6            Lair (3/6) D:8
 Shoals (0/4) Lair:3        Snake (0/4) Lair:2        Sewer (visited)
Ossuary (visited)          Bailey (visited)
    Orc: D:9-12

Altars:
Ashenzari
Cheibriados
Dithmenos
Elyvilon
Fedhas
Gozag
Hepliaklqana
Kikubaaqudgha
Makhleb
Nemelex Xobeh
Okawaru
Qazlal
Ru
Sif Muna
Trog
Uskayaw
Vehumet
Wu Jian
Xom
Yredelemnul
Zin
The Shining One

Shops:
D:7 =

Annotations:
Lair:3 Rupert


Innate Abilities, Weirdness & Mutations

You are immune to sickness and miasma.
You are immune to poison.
Your flesh is very heat resistant. (rF++)
You are vulnerable to cold. (rC-)
You float through the air rather than walking.
You learn spells naturally, not from books.
Your magical power is your life essence.
You have superior vitality. (+4 HP)


Message History

Your +3 war axe "Xoggeamiok" {spect, Fly Will- Int+6 SInv} barely misses Rupert.
Rupert yells loudly at you.
You are more confused.
Unknown command.
Are you sure you want to stumble around while confused and next to your guardian golem?
Okay, then.
Okay, then.
Rupert roars wildly at you.
You are more confused.
Rupert screams, "Die, monster!"
Rupert completely misses you.
Rupert looks more energetic.
Rupert hits you with a +3 great sword of electrocution!
You are electrocuted!
Unknown command.
You feel much better.
Rupert hits you with a +3 great sword of electrocution!
You feel much better. Rupert roars wildly at you.
You barely resist.
Are you sure you want to stumble around while confused and next to your guardian golem?
Found 13 arrows.
Rupert misses you. Rupert roars wildly at you.
You suddenly lose the ability to move!
Rupert looks confused.
Rupert hits you with a +3 great sword of electrocution!
You are electrocuted!
You can move again.
Rupert hits you with a +3 great sword of electrocution!!
Rupert roars wildly at you.
You are more confused.
Unknown command.
Rupert hits you with a +3 great sword of electrocution!!
* * * LOW HITPOINT WARNING * * *
Unknown command.
You feel yourself speed up.
Rupert hits you with a +3 great sword of electrocution!!
You die...
Your body crumbles into a pile of gold.

v§#≈≈≈.## #........... #
.≈≈#≈≈.P# #...........
.. .≈≈#≈≈.##
##.....#.#... ...
.≈≈≈≈≈.# #P......#....
... .......##
#........... .≈≈
........### #...........
.≈≈
..........###...?>......
.≈@
........................
...
≈≈≈≈≈≈........9@@.....(.
...
≈≈###≈..................
...
≈≈###≈.#..P##......#....
... ≈≈≈≈≈≈...####......#
... ... ≈≈≈≈§≈...#
#........... ...
.........####...........
...
....#..#..#....P..P.....
..
.........$..............
.................PP.....


You could see Rupert (ally target) and a friendly guardian golem (summoned).

Vanquished Creatures
  A hydra (Lair:3)
  An orc knight (Bailey)
  Pikel (D:7)
  An elephant (Lair:2)
  A cane toad (Lair:2)
  A komodo dragon (D:5)
  An unseen horror (D:6)
  Sigmund (D:5)
  9 yaks
  A vampire (D:9)
  2 basilisks
  3 fire bats (Lair:1)
  A naga (Lair:2)
  2 acid dragons (D:6)
  4 water moccasins
  11 orc warriors
  3 ice beasts
  A sky beast (D:6)
  4 black bears
  A necrophage (D:6)
  5 ogres
  3 wolves (Lair:3)
  3 lemures (D:7)
  6 centaurs
  2 phantoms (D:5)
  5 bullfrogs
  8 kobold brigands
  2 gnoll sergeants (D:6)
  10 scorpions
  A water moccasin zombie (D:7)
  A killer bee (D:6)
  5 howler monkeys
  2 electric eels (Lair:1)
  6 centaur zombies
  A jelly (D:8)
  2 bullfrog skeletons (D:6)
  A gnoll shaman (D:4)
  2 hounds (D:6)
  2 human zombies (Ossuary)
  4 orc priests
  2 centaur skeletons (D:4)
  8 scorpion zombies (Ossuary)
  4 iguanas
  9 orc wizards
  A killer bee zombie (D:6)
  A hound skeleton (D:5)
  4 mummies
  12 gnolls
  A howler monkey skeleton (D:6)
  17 adders
  A shadow imp (D:6)
  4 ufetubi
  2 adder skeletons (D:4)
  5 worms
  34 orcs
  9 endoplasms
  6 giant cockroaches
  A gnoll zombie (Ossuary)
  6 goblins
  7 hobgoblins
  5 jackals
  5 quokkas
  10 ball pythons
  6 bats
  5 frilled lizards
  3 goblin zombies (Ossuary)
  2 hobgoblin zombies (Ossuary)
  27 kobolds
  2 kobold zombies (Ossuary)
  5 orc zombies
  12 rats
337 creatures vanquished.

Vanquished Creatures (collateral kills)
  An elephant (Lair:2)
  A troll (D:9)
  A yak (D:9)
  A vampire mosquito (D:9)
  5 wolves (Lair:2)
  2 foxfires
11 creatures vanquished.

Vanquished Creatures (others)
  A hydra (Lair:1)
  A two-headed ogre (D:6)
  An elephant (Lair:2)
  Maggie (D:7)
  4 yaks
  A water moccasin (Lair:1)
  3 orc warriors (Bailey)
  A sky beast (D:7)
  A centaur (D:6)
  A wyvern skeleton (D:6)
  An iguana (D:6)
  A howler monkey skeleton (D:6)
  4 bushes (D:6)
  889 foxfires
  8 fungi
  13 plants
931 creatures vanquished.

Grand Total: 1279 creatures vanquished

Notes
Turn   | Place    | Note
-------+----------+-------------------------------------------
     0 | D:1      | robertstho the Djinni Fire Elementalist began the quest for
                  | the Orb.
     0 | D:1      | Reached XP level 1. HP: 15/15 MP: 0/0
   228 | D:1      | Reached XP level 2. HP: 18/21 MP: 0/0
   752 | D:1      | Reached skill level 3 in Spellcasting
  1222 | D:2      | Found a faded altar of an unknown god.
  1280 | D:2      | Reached XP level 3. HP: 23/25 MP: 0/0
  1280 | D:2      | Learned a level 1 spell: Summon Small Mammal
  2311 | D:2      | Reached XP level 4. HP: 27/31 MP: 0/0
  2995 | D:3      | Reached skill level 1 in Fighting
  2995 | D:3      | Reached XP level 5. HP: 34/37 MP: 0/0
  2995 | D:3      | Learned a level 2 spell: Ensorcelled Hibernation
  3782 | D:4      | Reached skill level 4 in Spellcasting
  4148 | D:4      | Noticed a black bear
  4156 | D:4      | Killed a black bear
  4157 | D:4      | Reached XP level 6. HP: 19/42 MP: 0/0
  4195 | D:4      | Noticed an ogre
  4199 | D:4      | Killed an ogre
  4200 | D:4      | Reached skill level 5 in Spellcasting
  4200 | D:4      | Reached XP level 7. HP: 21/48 MP: 0/0
  4200 | D:4      | Learned a level 3 spell: Summon Guardian Golem
  4290 | D:4      | Found a glowing drain.
  4298 | Sewer    | Entered a sewer
  4968 | Sewer    | Reached skill level 6 in Spellcasting
  5261 | Sewer    | Reached XP level 8. HP: 50/54 MP: 0/0
  5814 | D:4      | Identified the +3 war axe "Xoggeamiok" {spect, Fly Will-
                  | Int+6 SInv}
  6032 | D:4      | Found a glowing golden altar of the Shining One.
  6118 | D:5      | Entered Level 5 of the Dungeon
  6468 | D:5      | Reached skill level 7 in Spellcasting
  6640 | D:5      | Found a bloodstained altar of Trog.
  6905 | D:5      | Noticed Sigmund
  6915 | D:5      | Killed Sigmund
  6916 | D:5      | Reached XP level 9. HP: 45/59 MP: 0/0
  6916 | D:5      | Learned a level 3 spell: Portal Projectile
  7121 | D:5      | Noticed a komodo dragon
  7128 | D:5      | Killed a komodo dragon
  7129 | D:5      | Reached skill level 8 in Spellcasting
  7314 | D:6      | Found a shimmering altar of Xom.
  7588 | D:6      | Found a sand-covered staircase.
  7594 | Ossuary  | Entered an ossuary
  7840 | Ossuary  | Reached skill level 9 in Spellcasting
  8529 | Ossuary  | Reached XP level 10. HP: 53/67 MP: 0/0
  8929 | D:6      | Reached skill level 1 in Axes
  8933 | D:6      | Reached skill level 10 in Spellcasting
  9309 | D:6      | Found a staircase to the Ecumenical Temple.
  9325 | Temple   | Entered the Ecumenical Temple
  9330 | Temple   | Became a worshipper of Gozag Ym Sagoz the Greedy
 10374 | D:7      | Noticed Maggie
 10389 | D:7      | Killed Maggie
 10732 | D:6      | Noticed a two-headed ogre
 10738 | D:6      | Killed a two-headed ogre
 10739 | D:6      | Reached skill level 5 in Fighting
 10946 | D:6      | Reached skill level 11 in Spellcasting
 10968 | D:6      | Reached XP level 11. HP: 16/76 MP: 0/0
 10968 | D:6      | Learned a level 5 spell: Agony
 12133 | D:7      | Noticed Pikel
 12141 | D:7      | Paralysed by Pikel for 7 turns
 12149 | D:7      | Killed Pikel
 13007 | D:8      | Found an ornate altar of the Wu Jian Council.
 13109 | D:8      | Found a burning altar of Makhleb.
 13245 | D:8      | Found a staircase to the Lair.
 13457 | D:7      | Bought an amulet of reflection for 480 gold pieces
 13544 | D:9      | Reached skill level 12 in Spellcasting
 13596 | D:9      | HP: 3/76 [vampire (10)]
 13695 | D:9      | Found a flagged portal.
 13704 | Bailey   | Entered a bailey
 14628 | Bailey   | Noticed an orc knight
 14640 | Bailey   | Killed an orc knight
 16081 | D:9      | Found a broken altar of Ashenzari.
 16161 | Lair:1   | Entered Level 1 of the Lair of Beasts
 16161 | Lair:1   | Noticed a five-headed hydra
 16167 | Lair:1   | Killed a five-headed hydra
 16168 | Lair:1   | Reached XP level 12. HP: 76/82 MP: 0/0
 16192 | Lair:1   | Reached skill level 13 in Spellcasting
 17125 | Lair:2   | Found a staircase to the Snake Pit.
 17863 | Lair:2   | Reached skill level 1 in Shields
 18629 | Lair:3   | Noticed a four-headed hydra
 18638 | Lair:3   | Killed a four-headed hydra
 18640 | Lair:3   | Noticed Rupert
 18927 | Lair:3   | Found a staircase to the Shoals.
 19000 | Lair:3   | Paralysed by Rupert for 3 turns
 19006 | Lair:3   | Slain by Rupert

Illustrated notes

Levels and vault maps discovered:
D:1:      dpeg_arrival_stone_temple_mockup, layout_basic
D:2:      layout_basic, dreamdust_ecumenical_altar_grove
D:3:      layout_basic, minivault_5, uniq_crazy_yiuf_cottage
D:4:      layout_loops_ring, amethyst_overflow_temple_binary,
          gup_sewer_entry_bubbles
D:5:      layout_basic, marbit_many_paths, minmay_misc_feat_rugged, uniq_sigmund
D:6:      minmay_klotski, layout_basic, xom_confusion_cloud,
          minmay_temple_entry_mist, nicolae_ossuary_entry_giza, chequers_garden,
          minmay_bent
D:7:      layout_rooms, uniq_maggie, uniq_pikel
D:8:      layout_cave_pools, nicolae_overflow_hidden_temple,
          mainiacjoe_overflow_cross_hatched, lair_entry_dummy,
          kennysheep_cross_bottleneck, nrook_loot_triangle
D:9:      layout_long_grid, nicolae_ashenzari_panopticon, enter_bailey_2,
          minivault_20, amethyst_killhole
Temple:   minmay_freezing_vapour_temple
Lair:1:   layout_small_grid, nicolae_volcano_entry_batcave, serial_bayou_ford_a
Lair:2:   layout_chaotic_city, guppyfry_snake_entry_island, lemuel_fruit_tree
Lair:3:   layout_gridlike, minmay_shoals_entry_centaurs, uniq_rupert

Skill      XL: |  1  2  3  4  5  6  7  8  9 10 11 12 |
---------------+-------------------------------------+-----
Spellcasting   | 3 4 5 6 7 9 11 12 13 | 13.7
Fighting       | 1 2 4 5 6 |  6.5
Stealth        | 2 3 |  3.4
Dodging        | 3 |  3.9
Axes           | 1 |  1.0
Shields        | 1 |  1.2
Evocations     | |  0.4

Action                   |  1- 3 |  4- 6 |  7- 9 | 10-12 || total
-------------------------+-------+-------+-------+-------++-------
Melee: War axe           |       |       |    13 |     6 ||    19
 Cast: Foxfire           |    89 |    91 |   133 |   222 ||   535
       Scorch            |     1 |     9 |   135 |   219 ||   364
       Ensorcelled Hiber |       |       |     1 |     4 ||     5
       Summon Guardian G |       |       |       |    29 ||    29
       Flame Wave        |       |       |       |    26 ||    26
       Agony             |       |       |       |     1 ||     1
Invok: Call Merchant     |       |       |       |     1 ||     1
Evoke: Wand              |       |       |       |     7 ||     7
  Use: Scroll            |       |     8 |     3 |    18 ||    29
       Potion            |       |       |     3 |     8 ||    11
 Stab: Sleeping          |       |       |     1 |       ||     1
Armor: Robe              |     3 |     2 |    19 |     6 ||    30
       Steam dragon scal |       |       |       |    42 ||    42
Dodge: Dodged            |    12 |    13 |    48 |   102 ||   175
       Repelled          |       |       |       |     2 ||     2
Block: Buckler           |       |       |     4 |    51 ||    55
       Reflection        |       |       |       |     4 ||     4

Table legend: (Time is in decaauts)
 A = Elapsed time spent in this place.
 B = Non-inter-level travel time spent in this place.
 C = Inter-level travel time spent in this place.
 D = Time resting spent in this place.
 E = Time spent auto-exploring this place.
 F = Levels seen in this place.
 G = Mean time per level.
                   A        B        C        D        E       F      G
               +--------+--------+--------+--------+--------+-----+--------+
         Total |  19030 |  18399 |    631 |   3303 |  11941 |  16 | 1189.4 |
       Dungeon |  12069 |  11489 |    580 |   1096 |   8674 |   9 | 1341.0 |
        Temple |     10 |      5 |      5 |      0 |      0 |   1 |   10.0 |
          Lair |   2848 |   2802 |     46 |    730 |   1314 |   3 |  949.3 |
         Sewer |   1101 |   1101 |      0 |      0 |    906 |   1 | 1101.0 |
       Ossuary |   1322 |   1322 |      0 |    516 |    567 |   1 | 1322.0 |
        Bailey |   1677 |   1677 |      0 |    961 |    480 |   1 | 1677.0 |
               +--------+--------+--------+--------+--------+-----+--------+

Top non-repeatable levels by time:
     D:6: 2936 daAuts
  Bailey: 1677 daAuts
     D:4: 1408 daAuts
     D:2: 1394 daAuts
  Lair:2: 1332 daAuts
 Ossuary: 1322 daAuts
     D:5: 1303 daAuts
  Lair:1: 1267 daAuts
     D:3: 1212 daAuts
     D:1: 1121 daAuts
   Sewer: 1101 daAuts
     D:7: 1023 daAuts
     D:9: 982 daAuts
     D:8: 686 daAuts
  Lair:3: 248 daAuts
